 Dungeon Crawl Stone Soup version 0.18.1-50-g88ac8fd (webtiles) character file.

121 Thrax the Cudgeler (level 5, -3/50 HPs)
             Began as an Ogre Wizard on Oct 20, 2016.
             Slain by an orc wizard
             ... wielding a +0 dagger
              (5 damage)
             ... on level 3 of the Dungeon.
             The game lasted 00:13:58 (3239 turns).

Thrax the Cudgeler (Ogre Wizard)                    Turns: 3239, Time: 00:13:59

Health: -3/50      AC:  3    Str: 12    XL:     5   Next: 5%
Magic:  4/10       EV: 10    Int: 17    God:
Gold:   152        SH:  0    Dex:  9    Spells: 1 memorised, 10 levels left

rFire  . . .     SeeInvis .     e - +0 club
rCold  . . .     Gourm    .     a - +0 robe
rNeg   . . .     Faith    .     (no shield)
rPois  .         Spirit   .     b - +0 hat
rElec  .         Dismiss  .     (no cloak)
rCorr  .         Reflect  .     (gloves unavailable)
SustAt .         Harm     .     (boots unavailable)
MR     .....                    (no amulet)
Stlth  +.........               (no ring)
                                (no ring)

@: slowed, very slow, not resistant to hostile enchantments, very unstealthy
A: unfitting armour, tough skin 1
a: no special abilities


You were on level 3 of the Dungeon.
You were hungry.

You visited 1 branch of the dungeon, and saw 3 of its levels.

You collected 152 gold pieces.

Inventory:

Hand Weapons
 e - a +0 club (weapon)
Armour
 a - a +0 robe (worn)
 b - a +0 hat (worn)
Jewellery
 n - a cursed -2 ring of intelligence {unknown}
 o - a cursed amulet of inaccuracy {unknown}
 p - an uncursed ring of sustain attributes {unknown}
Scrolls
 g - 3 scrolls of remove curse {unknown}
 h - a scroll of random uselessness {unknown}
 i - 5 scrolls of identify {unknown}
 l - a scroll of teleportation {unknown}
 s - a scroll of noise {unknown}
 u - a scroll of magic mapping {unknown}
Potions
 f - 2 potions of berserk rage {unknown}
 j - a potion of curing {unknown}
 k - a potion of degeneration {unknown}
 m - 2 potions of agility
 t - a potion of cancellation {unknown}
Books
 c - a book of Minor Magic

   Spells                             Type                      Level
   a - Magic Dart                     Conjuration                  1
   b - Blink                          Translocation                2
   c - Call Imp                       Summoning                    2
   d - Repel Missiles                 Charms/Air                   2
   e - Slow                           Hexes                        2
   f - Conjure Flame                  Conjuration/Fire             3
   g - Mephitic Cloud                 Conjuration/Poison/Air       3
Comestibles
 d - 5 bread rations
 q - a fruit
 r - a slice of pizza


   Skills:
 - Level 2.3 Fighting
 + Level 5.3 Maces & Flails
 - Level 1.7 Dodging
 - Level 1.5 Stealth
 - Level 3.6 Spellcasting
 - Level 0.6 Conjurations
   Level 0.6 Summonings
   Level 0.6 Translocations


You had 10 spell levels left.
You knew the following spells:

 Your Spells              Type           Power        Failure   Level  Hunger
a - Magic Dart            Conj           #...         14%         1    None


Dungeon Overview and Level Annotations

Branches:
Dungeon (3/15)

Altars:


Innate Abilities, Weirdness & Mutations

You are too large for most types of armour.
You have tough skin (AC +1).


Message History

Aiming: Magic Dart
Press: ? - help, Shift-Dir - straight line, f/p - orc
Aim: an orc, wielding a short sword and wearing a scale mail (heavily wounded)
The magic dart hits the orc.
The orc is heavily wounded.
The orc wizard hits you with a dagger.
* * * LOW HITPOINT WARNING * * *
The orc closely misses you. The orc wizard hits you with a dagger.
* * * LOW HITPOINT WARNING * * *
The orc hits you with a short sword.
* * * LOW HITPOINT WARNING * * *
You barely miss the orc.
The orc is heavily wounded.
The orc wizard hits you but does no damage. x2
The orc hits you with a short sword.
* * * LOW HITPOINT WARNING * * *
You hit the orc but do no damage.
The orc is heavily wounded.
The orc wizard hits you with a dagger.
You die...

.# #.......... .. .
#:.#.#..##....## ..##.
#)#.##.###.##.. .....
#.#.#...##.##.# ##.#..
#.#...#..#.##.## #....[
#.#......#.#...#######.....
#.#(.#.......#..#...##..#.#
#.#..#...###......#.# #.... ##
#.#..#.(.o@o........###...< ..
#.#..##..###........##..#.#
#.##.#..##........).##........
#....รท...............#.##..#.#
###.##.............###.#.......#
..........)..####### #>#.###..#.
###########..# #.#.###...# #..#
####....##..## #..##
###.......##..#


You could see an orc wizard and an orc.

Vanquished Creatures
  3 adders (D:3)
  An ooze (D:1)
  A worm (D:2)
  4 dart slugs
  4 giant geckos
  An orc (D:3)
  6 giant cockroaches
  11 goblins
  5 hobgoblins
  10 jackals
  A ball python (D:3)
  5 bats
  2 giant newts
  7 kobolds
  5 rats
66 creatures vanquished.

Notes
Turn   | Place    | Note
--------------------------------------------------------------
     0 | D:1      | Thrax the Ogre Wizard began the quest for the Orb.
     0 | D:1      | Reached XP level 1. HP: 16/16 MP: 5/5
    25 | D:1      | Reached skill level 1 in Fighting
   244 | D:1      | Reached XP level 2. HP: 18/28 MP: 0/6
   421 | D:1      | Reached skill level 1 in Maces & Flails
   632 | D:1      | Reached skill level 2 in Maces & Flails
   647 | D:1      | Reached XP level 3. HP: 9/36 MP: 1/8
  1000 | D:1      | Reached skill level 3 in Maces & Flails
  1719 | D:2      | Reached XP level 4. HP: 29/44 MP: 4/9
  1876 | D:2      | Reached skill level 4 in Maces & Flails
  2839 | D:3      | Reached skill level 5 in Maces & Flails
  3001 | D:3      | Reached XP level 5. HP: 21/50 MP: 1/10
  3238 | D:3      | HP: 2/50 [orc/short sword (3)]
  3239 | D:3      | Slain by an orc wizard

Skill      XL: |  1  2  3  4 |
---------------+-------------+-----
Fighting       | 2 |  2.3
Maces & Flails | 2 3 5 |  5.3
Dodging        | |  1.7
Stealth        | |  1.5
Spellcasting   | |  3.6
Conjurations   | |  0.6
Summonings     | |  0.6
Translocations | |  0.6

Action                   |  1- 3 |  4- 6 || total
-------------------------+-------+-------++-------
Melee: Unarmed           |    11 |       ||    11
       Club              |    97 |   119 ||   216
 Cast: Magic Dart        |    65 |    48 ||   113
 Stab: Sleeping          |       |     2 ||     2
  Eat: Chunk             |     3 |     4 ||     7
Armor: Robe              |    38 |    35 ||    73
Dodge: Dodged            |    76 |    69 ||   145
